 Dungeon Crawl Stone Soup version 0.29-a0-322-g68df515428 (webtiles) character file.

Game seed: 14332299866485675696

314 kae the Firebug (level 6, -4/35 HPs)
             Began as a Tengu Fire Elementalist on Apr 7, 2022.
             Slain by Grinder (5 damage)
             ... on level 4 of the Dungeon.
             The game lasted 00:02:27 (3235 turns).

kae the Firebug (Tengu Fire Elementalist)           Turns: 3235, Time: 00:02:27

Health: -4/35      AC:  4    Str:  8    XL:     6   Next: 43%
Magic:  2/11       EV: 15    Int: 18    God:
Gold:   164        SH:  0    Dex: 14    Spells: 7/10 levels left

rFire   . . .      SeeInvis .   i - +0 mace
rCold   . . .      Faith    .   (no shield)
rNeg    . . .      Spirit   .   a - +0 robe
rPois   +          Reflect  .   f - +2 hat
rElec   .          Harm     .   (no cloak)
rCorr   .          Rampage  .   (no gloves)
Will    .....                   (boots unavailable)
Stlth   ++........              q - amulet of regeneration
HPRegen 0.91/turn               c - ring of poison resistance
MPRegen 0.12/turn               (no ring)

@: flying quickly and evasively, quick
A: beak, talons 3, nimble flight
a: no special abilities


You were on level 4 of the Dungeon.
You visited 1 branch of the dungeon, and saw 4 of its levels.

You collected 164 gold pieces.

Inventory:

Hand Weapons
 g - a +0 trident
 i - a +0 mace (weapon)
Armour
 a - a +0 robe (worn)
 f - a +2 hat (worn)
Jewellery
 c - a ring of poison resistance (left hand)
 h - an amulet of guardian spirit
 q - an amulet of regeneration (around neck)
Wands
 e - a wand of mindburst (10)
 s - a wand of paralysis (3)
Potions
 b - 3 potions of magic
 d - a potion of flight
 l - 3 potions of mutation
 m - a potion of degeneration {unknown}
 p - a potion of curing {unknown}
 u - a potion of attraction {unknown}


   Skills:
 + Level 2.1 Fighting
 + Level 2.2 Armour
 + Level 3.2 Dodging
 - Level 2.0 Stealth
 + Level 2.8 Spellcasting
 + Level 3.2 Conjurations
 * Level 5.1 Fire Magic


You had 7 spell levels left.
You knew the following spells:

 Your Spells              Type           Power      Damage    Failure   Level
a - Foxfire               Conj/Fire      68%        2x1d7     3%          1
b - Scorch                Fire           40%        2d7       3%          2

Your spell library contained the following spells:

 Spells                   Type           Power      Damage    Failure   Level
 Conjure Flame            Conj/Fire      17%        6-21      9%          3
 Inner Flame              Hex/Fire       11%        N/A       17%         3
 Flame Wave               Conj/Fire      17%        2d6       30%         4


Dungeon Overview and Level Annotations

Branches:
Dungeon (4/15)
 Temple: D:4-7

Altars:

Shops:
D:4 *

Annotations:
D:4 Grinder


Innate Abilities, Weirdness & Mutations

You have a beak for a mouth.
You have claws for feet.
Your magical nature lets you fly swiftly and evasively.


Message History

You conjure some foxfire!
Grinder hits you.
You writhe in agony.
The hobgoblin hits you but does no damage.
The foxfire hits Grinder.
Grinder is lightly wounded.
The hobgoblin hits you but does no damage.
Grinder hits you but does no damage.
You closely miss the hobgoblin.
Grinder blinks!
The hobgoblin hits you but does no damage.
You hit the hobgoblin but do no damage. The hobgoblin barely misses you.
Casting: Foxfire (safe; 3% risk of failure)
Confirm with . or Enter, or press ? or * to list all spells.
Flames lash the hobgoblin.
You kill the hobgoblin!
You cannot move.
Casting: Scorch (safe; 3% risk of failure)
Confirm with . or Enter, or press ? or * to list all spells.
Flames lash Grinder.
Grinder is lightly wounded.
Grinder's fire resistance burns away.
You feel less wooden.
Your +2 hat unmelds from your body.
Your +0 robe unmelds from your body.
Grinder hits you.
You writhe in agony.
Casting: Scorch (safe; 3% risk of failure)
Confirm with . or Enter, or press ? or * to list all spells.
Flames lash Grinder.
Grinder is burned terribly!
Grinder is moderately wounded.
Grinder hits you. Grinder hits you.
You writhe in agony.
* * * LOW HITPOINT WARNING * * *
Casting: Scorch (safe; 3% risk of failure)
Confirm with . or Enter, or press ? or * to list all spells.
Flames lash Grinder.
Grinder is burned terribly!
Grinder is heavily wounded.
Grinder hits you.
* * * LOW HITPOINT WARNING * * *
Grinder says, "There's only one good use for a tongue: cutting it out."
Grinder hits you.
* * * LOW HITPOINT WARNING * * *
You writhe in agony.
You die...

# #.## .. #.# # #.#
#.# #.# #.# #.#
############.#####
#.@).............#
#5#########gg###...
#......# #)..## #
#.....## #.g###
#..... ...§g
#.....######g##
#..............
####...........
#...gg.......


You could see Grinder (combustible).

Vanquished Creatures
  Sigmund (D:3)
  An orc wizard (D:2)
  Ijyb (D:3)
  Robin (D:4)
  2 adders
  A dart slug (D:2)
  4 orcs
  7 ball pythons
  3 bats
  3 endoplasms
  2 giant cockroaches
  14 goblins
  7 hobgoblins
  3 jackals (D:2)
  4 quokkas
  3 frilled lizards
  5 kobolds
  7 rats
69 creatures vanquished.

Vanquished Creatures (others)
  99 foxfires
99 creatures vanquished.

Grand Total: 168 creatures vanquished

Notes
Turn   | Place    | Note
-------+----------+-------------------------------------------
     0 | D:1      | kae the Tengu Fire Elementalist began the quest for the
                  | Orb.
     0 | D:1      | Reached XP level 1. HP: 10/10 MP: 4/4
   219 | D:1      | Reached XP level 2. HP: 15/15 MP: 0/6
   283 | D:1      | Learned a level 2 spell: Scorch
  1345 | D:2      | Reached XP level 3. HP: 20/20 MP: 3/7
  1798 | D:2      | Reached skill level 1 in Fighting
  2258 | D:2      | Reached skill level 1 in Armour
  2258 | D:2      | Reached skill level 4 in Fire Magic
  2258 | D:2      | Reached XP level 4. HP: 25/25 MP: 3/8
  2497 | D:3      | Noticed Ijyb
  2511 | D:3      | Killed Ijyb
  2736 | D:3      | Noticed Sigmund
  2755 | D:3      | Killed Sigmund
  2756 | D:3      | Reached skill level 5 in Fire Magic
  2756 | D:3      | Gained mutation: Your magical nature lets you fly swiftly
                  | and evasively. [Tengu growth]
  2756 | D:3      | Reached XP level 5. HP: 30/30 MP: 2/10
  2756 | D:3      | Reached XP level 6. HP: 35/35 MP: 2/11
  3012 | D:4      | Noticed Grinder
  3012 | D:4      | Noticed Robin
  3052 | D:4      | Found Toinoz's Serpentskin Sales.
  3181 | D:4      | Killed Robin
  3202 | D:4      | Paralysed by Grinder for 3 turns
  3207 | D:4      | Paralysed by Grinder for 2 turns
  3235 | D:4      | HP: 1/35 [Grinder (4)]
  3235 | D:4      | Slain by Grinder

Illustrated notes

Levels and vault maps discovered:
D:1:      onia_arrival_pentagram, layout_loops_ring, minmay_misc_feat_five,
          minmay_misc_feat_rugged, grunt_decor_arrowhead,
          hangedman_decor_slide_cut, hangedman_abyss_or_decor_stabs,
          minmay_indecisive_spiral
D:2:      layout_loops_cross, serial_park_tiny_1
D:3:      layout_basic, uniq_ijyb, uniq_sigmund
D:4:      layout_rooms, minmay_temple_entry_sparse_star, guppyfry_shop_venom,
          uniq_grinder, uniq_robin, uniq_edmund

Skill      XL: |  1  2  3  4 |
---------------+-------------+-----
Conjurations   | 2 3 |  3.2
Fighting       | 1 2 |  2.1
Armour         | 1 2 |  2.2
Fire Magic     | 4 5 |  5.1
Dodging        | 3 |  3.2
Stealth        | |  2.0
Spellcasting   | |  2.8

Action                   |  1- 3 |  4- 6 || total
-------------------------+-------+-------++-------
Melee: Unarmed           |    12 |       ||    12
       Peck              |     5 |     6 ||    11
       Kick              |     4 |     7 ||    11
       Mace              |    17 |    42 ||    59
       Punch             |       |     2 ||     2
 Cast: Foxfire           |    43 |    17 ||    60
       Scorch            |    14 |    20 ||    34
  Use: Scroll            |     8 |     2 ||    10
       Potion            |     3 |     1 ||     4
Armor: Robe              |    12 |    20 ||    32
       Skin              |    10 |    28 ||    38
Dodge: Dodged            |    25 |    39 ||    64

Table legend: (Time is in decaauts)
 A = Elapsed time spent in this place.
 B = Non-inter-level travel time spent in this place.
 C = Inter-level travel time spent in this place.
 D = Time resting spent in this place.
 E = Time spent auto-exploring this place.
 F = Levels seen in this place.
 G = Mean time per level.
                   A        B        C        D        E       F      G
               +--------+--------+--------+--------+--------+-----+--------+
         Total |   3241 |   3143 |     98 |    192 |   2412 |   4 |  810.2 |
       Dungeon |   3241 |   3143 |     98 |    192 |   2412 |   4 |  810.2 |
               +--------+--------+--------+--------+--------+-----+--------+

Top non-repeatable levels by time:
     D:1: 1205 daAuts
     D:2: 1132 daAuts
     D:3: 678 daAuts
     D:4: 225 daAuts
